 Dungeon Crawl Stone Soup version 0.26-b1-32-g5d43845318 (webtiles) character file.

Game seed: 17188495580120763831

149 Anon1729 the Gusty (level 5, -1/35 HPs)
             Began as a Barachi Air Elementalist on Jan 9, 2021.
             Succumbed to an orc priest's poison
             ... on level 3 of the Dungeon.
             The game lasted 00:05:34 (2231 turns).

Anon1729 the Gusty (Barachi Air Elementalist)       Turns: 2231, Time: 00:05:35

Health: -1/35      AC:  3    Str:  8 (10) XL:     5   Next: 31%
Magic:  1/9        EV: 13    Int: 14 (16) God:
Gold:   66         SH:  0    Dex: 10 (12) Spells: 4/10 levels left

rFire    . . .     SeeInvis .   c - -2 spear (curse)
rCold    . . .     Faith    .   (no shield)
rNeg     . . .     Spirit   +   a - +0 robe
rPois    .         Reflect  .   m - +0 helmet
rElec    .         Harm     .   (no cloak)
rCorr    .         Rampage  .   (no gloves)
Will     .....                  (no boots)
Stlth    ++........             g - amulet of guardian spirit
HPRegen  0.11/turn              (no ring)
MPRegen  0.11/turn              (no ring)

@: lethally poisoned (-1 -> -17), very slightly contaminated, slowed, very slow
A: +LOS, swims, slowness 1, strong legs 1
a: Hop


You were on level 3 of the Dungeon.
You visited 1 branch of the dungeon, and saw 3 of its levels.

You collected 66 gold pieces.

Inventory:

Hand Weapons
 c - a cursed -2 spear (weapon)
 h - a +1 hunting sling of flaming
 o - a +0 whip
 p - a +0 flail of holy wrath
Missiles
 d - 41 stones
Armour
 a - a +0 robe (worn)
 m - a +0 helmet (worn)
Jewellery
 g - an amulet of guardian spirit (around neck)
Scrolls
 i - a scroll of enchant armour {unknown}
 j - 2 scrolls of amnesia
 k - a scroll of random uselessness {unknown}
 l - a scroll of blinking {unknown}
 n - a scroll of identify {unknown}
 q - a scroll of remove curse {unknown}


   Skills:
 + Level 3.1 Dodging
 - Level 1.7 Stealth
 + Level 3.0 Spellcasting
 + Level 2.5 Conjurations
 * Level 4.9 Air Magic


You had 4 spell levels left.
You knew the following spells:

 Your Spells              Type           Power        Failure   Level
a - Shock                 Conj/Air       48%          4%          1
b - Swiftness             Air            15%          4%          2
c - Static Discharge      Conj/Air       12%          14%         3

Your spell library contained the following spells:

 Spells                   Type           Power        Failure   Level
 Airstrike                Air            7%           28%         4
 Lightning Bolt           Conj/Air       6%           78%         5


Dungeon Overview and Level Annotations

Branches:
Dungeon (3/15)

Altars:
Ru


Innate Abilities, Weirdness & Mutations

You can be seen from farther away. (+LOS)
You can swim through water.
You cover ground slowly.
You can hop short distances.


Message History

The zap hits the orc.
You kill the orc!
The zap hits the orc.
The orc is severely wounded.
* * * LOW HITPOINT WARNING * * *
You feel sick.
The orc wizard points at you and mumbles some strange words.
You feel yourself slow down.
You feel your strength returning.
Your Spellcasting skill increases to level 3!
Unknown command.
You aren't carrying any potions.
Unknown command.
Evoke which item? (* to show all) (? for menu, Esc to quit)
Okay, then.
Unknown command.
As you read the scroll labelled NUDOHA RAURIDGH, it crumbles to dust.
You feel aware of your surroundings.
You sensed 4 altars.
It was a scroll of magic mapping.
You die...

......,,,* ...#.#**** .....#
.....# *****###***
.....##***********,,,....,,*** **
..#.>.,,,,,,,,,,,,,,.....,,,,***,
#....#************,......,,*,**,,
#....#############oo.....,,*,**,,
**#.............@)o..g...,,,,,,,,
* #.#####################****,,,,
* #.......# *******,,,,,
#..#.##.# *,,,,,,,,,,, #....##.##
***,,,,,,,,,,, #........#
*,,,****,,,,_, ##)#.#...#
*,,,*,,+,,,,,, ###....#...#
*,,,*,,*,,,,*, #....#.....#
*,,,*******,,,


You could see an orc wizard, 2 orcs and a goblin.

Vanquished Creatures
  An orc priest (D:3)
  An orc wizard (D:2)
  4 gnolls (D:2)
  An ooze (D:2)
  A worm (D:2)
  2 dart slugs (D:1)
  2 orcs (D:3)
  4 bats
  4 giant cockroaches
  4 goblins (D:2)
  6 hobgoblins
  A quokka (D:2)
  A ball python (D:2)
  5 frilled lizards
  A kobold (D:2)
  5 rats
43 creatures vanquished.

Notes
Turn   | Place    | Note
-------+----------+-------------------------------------------
     0 | D:1      | Anon1729 the Barachi Air Elementalist began the quest for
                  | the Orb.
     0 | D:1      | Reached XP level 1. HP: 13/13 MP: 3/3
   379 | D:1      | Reached XP level 2. HP: 12/19 MP: 0/5
  1110 | D:2      | Reached XP level 3. HP: 24/24 MP: 3/6
  1175 | D:2      | Found a sacrificial altar of Ru.
  1177 | D:2      | Reached skill level 4 in Air Magic
  1268 | D:2      | Learned a level 2 spell: Swiftness
  1272 | D:2      | Learned a level 3 spell: Static Discharge
  1339 | D:2      | Reached XP level 4. HP: 27/30 MP: 3/7
  2031 | D:2      | Reached XP level 5. HP: 35/35 MP: 2/9
  2230 | D:3      | HP: 1/35 [poisoned by an orc priest]
  2231 | D:3      | Succumbed to an orc priest's poison

Illustrated notes

Levels and vault maps discovered:
D:1:      psy_arrival_terrarium, layout_loops_ring
D:2:      layout_loops_ring, nicolae_ru_great_annihilating_truth
D:3:      layout_basic, grunt_temple_overflow_open,
          chequers_ecumenical_altar_simple, supply_closet_lemuel,
          hangedman_decor_growths

Skill      XL: |  1  2  3  4  5 |
---------------+----------------+-----
Air Magic      | 4 |  4.9
Conjurations   | 2 |  2.5
Dodging        | 3 |  3.1
Spellcasting   | 3 |  3.0
Stealth        | |  1.7

Action                   |  1- 3 |  4- 6 || total
-------------------------+-------+-------++-------
Melee: Spear             |    35 |    17 ||    52
 Cast: Shock             |    37 |    36 ||    73
       Static Discharge  |       |     1 ||     1
  Use: Scroll            |       |     2 ||     2
       Potion            |       |     2 ||     2
 Stab: Sleeping          |     2 |       ||     2
       Invisible         |     1 |       ||     1
       Paralysed         |     1 |       ||     1
Armor: Robe              |     5 |     3 ||     8
Dodge: Dodged            |    25 |    13 ||    38
